ITL
PORTLAND PRIVATEERS @ WABA DUCKS
05/18/2028
 
TOP OF THE 1ST
Portland Privateers batting - Pitching for Waba Ducks : RHP Li-cong Sima
Pitching: RHP Li-cong Sima
Batting: SHB Cory Campbell 0-0: Called Strike
0-1: Ball
1-1: Foul Ball, location: 2F
1-2: Strikes out swinging
Batting: RHB Joe Bailey 0-0: Ball
1-0: Ball
2-0: SINGLE (Groundball, 56D)
Batting: LHB Carter Sweet 0-0: Called Strike
0-1: Ball
1-1: Ball
2-1: Ball
3-1: SINGLE (Line Drive, 34D)
Joe Bailey to second
Batting: SHB Eric Pimentel 0-0: Foul Ball, location: 2F
0-1: Ball
1-1: Ball
2-1: Fly out, F5 (Popup, 5S)
Batting: RHB Edward Holloway 0-0: Called Strike
0-1: Called Strike
0-2: Foul Ball, location: 2F
0-2: Foul Ball, location: 2F
0-2: Ball
1-2: Foul Ball, location: 2F
1-2: SINGLE (Line Drive, 8LS)
Joe Bailey to third
Carter Sweet to second
Runner from 3rd tries for Home, SAFE, no throw
Batting: SHB Héctor Padilla 0-0: 3-RUN HOME RUN (Flyball, 9LD), Distance : 332 ft
Batting: LHB Dillon Beck 0-0: Foul Ball, location: 2F
0-1: Called Strike
0-2: Ball
1-2: Ball
2-2: Strikes out looking
Top of the 1st over - 4 run(s), 4 hit(s), 0 error(s), 0 left on base; Portland 4 - Waba 0
BOTTOM OF THE 1ST
Waba Ducks batting - Pitching for Portland Privateers : LHP Pedro Santana
Pitching: LHP Pedro Santana
Batting: LHB José Rodríguez 0-0: Called Strike
0-1: Foul Ball, location: 2F
0-2: Foul Ball, location: 2F
0-2: Ball
1-2: Fly out, F7 (Flyball, 7S)
Batting: RHB Pedro Molina 0-0: DOUBLE (Line Drive, 5D)
Batting: RHB Tony Morton 0-0: Ball
1-0: Foul Ball, location: 2F
1-1: Ground out 4-3 (Groundball, 4)
Pedro Molina to third
Batting: LHB Sammy Marshall 0-0: Ball
1-0: Ball
2-0: Ball
3-0: Called Strike
3-1: Base on Balls
Batting: RHB Paul Spencer 0-0: Called Strike
0-1: Fly out, F8 (Flyball, 8RM)
Bottom of the 1st over - 0 run(s), 1 hit(s), 0 error(s), 2 left on base; Portland 4 - Waba 0
TOP OF THE 2ND
Portland Privateers batting - Pitching for Waba Ducks : RHP Li-cong Sima
Batting: LHB Domingo Ledesma 0-0: Ball
1-0: Called Strike
1-1: Ball
2-1: SINGLE (Line Drive, 4M)
Batting: RHB Dave Nelson 0-0: Ball
1-0: Ball
2-0: Grounds into double play, 6-4-3 (Groundball, 6)
Batting: SHB Cory Campbell 0-0: Fly out, F9 (Line Drive, 9)
Top of the 2nd over - 0 run(s), 1 hit(s), 0 error(s), 0 left on base; Portland 4 - Waba 0
BOTTOM OF THE 2ND
Waba Ducks batting - Pitching for Portland Privateers : LHP Pedro Santana
Batting: LHB Howard Evans 0-0: Foul Ball, location: 2F
0-1: Foul Ball, location: 2F
0-2: Strikes out swinging
Batting: RHB Jeremy Flemming 0-0: Fly out, F8 (Flyball, 8RM)
Batting: RHB Kelly Graham 0-0: Called Strike
0-1: Ball
1-1: Called Strike
1-2: Ball
2-2: Strikes out looking
Bottom of the 2nd over - 0 run(s), 0 hit(s), 0 error(s), 0 left on base; Portland 4 - Waba 0
TOP OF THE 3RD
Portland Privateers batting - Pitching for Waba Ducks : RHP Li-cong Sima
Batting: RHB Joe Bailey 0-0: Ball
1-0: Ball
2-0: Called Strike
2-1: Swinging Strike
2-2: SINGLE (Groundball, 6MD)
Batting: LHB Carter Sweet 0-0: Fielders Choice at 2nd, 3-6 (Groundball, 3)
Batting: SHB Eric Pimentel 0-0: Called Strike
0-1: Fly out, F6 (Popup, 6D)
Batting: RHB Edward Holloway 0-0: Ball
1-0: 2-RUN HOME RUN (Flyball, 7LD), Distance : 331 ft
Batting: SHB Héctor Padilla 0-0: Called Strike
0-1: Ground out U3 (Groundball, 3)
Top of the 3rd over - 2 run(s), 2 hit(s), 0 error(s), 0 left on base; Portland 6 - Waba 0
BOTTOM OF THE 3RD
Waba Ducks batting - Pitching for Portland Privateers : LHP Pedro Santana
Batting: SHB Alex Aguilar 0-0: Ball
1-0: Ball
2-0: Ball
3-0: Called Strike
3-1: Called Strike
3-2: Strikes out swinging
Batting: LHB José Rodríguez 0-0: Ball
1-0: Fly out, F8 (Flyball, 8RS)
Batting: RHB Pedro Molina 0-0: Ball
1-0: Foul Ball, location: 2F
1-1: Ball
2-1: Ball
3-1: Base on Balls
Batting: RHB Tony Morton 0-0: Swinging Strike
0-1: Foul Ball, location: 2F
0-2: Strikes out swinging
Bottom of the 3rd over - 0 run(s), 0 hit(s), 0 error(s), 1 left on base; Portland 6 - Waba 0
TOP OF THE 4TH
Portland Privateers batting - Pitching for Waba Ducks : RHP Li-cong Sima
Batting: LHB Dillon Beck 0-0: Foul Ball, location: 2F
0-1: Ball
1-1: Ground out 4-3 (Groundball, 4)
Batting: LHB Domingo Ledesma 0-0: Ball
1-0: DOUBLE (Line Drive, 3D)
Batting: RHB Dave Nelson 0-0: Called Strike
0-1: SINGLE (Line Drive, 6D)
Domingo Ledesma to third
Runner from 3rd tries for Home, SAFE, throw made home
Dave Nelson to second
Pitching: RHP Esteban Gonzáles
Batting: SHB Cory Campbell 0-0: Foul Ball, location: 2F
0-1: Ball
1-1: Called Strike
1-2: Ball
2-2: Fly out, F7 (Flyball, 78M)
Batting: RHB Joe Bailey 0-0: Called Strike
0-1: Ball
1-1: Ground out 6-3 (Groundball, 6)
Top of the 4th over - 1 run(s), 2 hit(s), 0 error(s), 1 left on base; Portland 7 - Waba 0
BOTTOM OF THE 4TH
Waba Ducks batting - Pitching for Portland Privateers : LHP Pedro Santana
Batting: LHB Sammy Marshall 0-0: Ball
1-0: Swinging Strike
1-1: Swinging Strike
1-2: Ball
2-2: Ball
3-2: Ground out 4-3 (Groundball, 4)
Batting: RHB Paul Spencer 0-0: Ball
1-0: Swinging Strike
1-1: Swinging Strike
1-2: Ball
2-2: Strikes out looking
Batting: LHB Howard Evans 0-0: Fly out, F8 (Flyball, 8RS)
Bottom of the 4th over - 0 run(s), 0 hit(s), 0 error(s), 0 left on base; Portland 7 - Waba 0
TOP OF THE 5TH
Portland Privateers batting - Pitching for Waba Ducks : RHP Esteban Gonzáles
Batting: LHB Carter Sweet 0-0: Called Strike
0-1: DOUBLE (Line Drive, 9D)
Batting: SHB Eric Pimentel 0-0: Ball
1-0: Ball
2-0: SINGLE (Flyball, 8LS)
Carter Sweet to third
Batting: RHB Edward Holloway 0-0: Foul Ball, location: 2F
0-1: Swinging Strike
0-2: Strikes out swinging
Batting: SHB Héctor Padilla 0-0: Called Strike
0-1: Ball
1-1: Ball
2-1: Ball
3-1: Base on Balls
Eric Pimentel to second
Batting: LHB Dillon Beck 0-0: Ball
1-0: Grounds into double play, 6-4-3 (Groundball, 6)
Top of the 5th over - 0 run(s), 2 hit(s), 0 error(s), 2 left on base; Portland 7 - Waba 0
BOTTOM OF THE 5TH
Waba Ducks batting - Pitching for Portland Privateers : LHP Pedro Santana
Batting: RHB Jeremy Flemming 0-0: Ball
1-0: Ball
2-0: Foul Ball, location: 2F
2-1: SINGLE (Groundball, 6MS) (infield hit)
Batting: RHB Kelly Graham 0-0: Ball
Jeremy Flemming steals 2nd base
1-0: Ball
2-0: Called Strike
2-1: Ball
3-1: Foul Ball, location: 2F
3-2: Fly out, F8 (Flyball, 8LM)
Batting: SHB Alex Aguilar 0-0: Ball
1-0: Swinging Strike
1-1: Ball
2-1: Foul Ball, location: 2F
2-2: Ball
3-2: Strikes out looking
Batting: LHB José Rodríguez 0-0: Called Strike
0-1: Ball
1-1: Called Strike
1-2: Foul Ball, location: 2F
1-2: Ball
2-2: Foul Ball, location: 2F
2-2: Strikes out swinging
Bottom of the 5th over - 0 run(s), 1 hit(s), 0 error(s), 1 left on base; Portland 7 - Waba 0
TOP OF THE 6TH
Portland Privateers batting - Pitching for Waba Ducks : RHP Esteban Gonzáles
Batting: LHB Domingo Ledesma 0-0: Foul Ball, location: 2F
0-1: SINGLE (Line Drive, 8RS)
Batting: RHB Dave Nelson 0-0: Ball
1-0: Called Strike
Domingo Ledesma steals 2nd base
1-1: Foul Ball, location: 2F
1-2: Strikes out swinging
Batting: SHB Cory Campbell 0-0: Ball
1-0: Ball
2-0: Called Strike
2-1: Ball
3-1: Called Strike
3-2: Ground out 5-3 (Groundball, 56S)
Domingo Ledesma to third
Batting: RHB Joe Bailey 0-0: SINGLE (Flyball, 78S)
Domingo Ledesma scores
Batting: LHB Carter Sweet 0-0: Called Strike
0-1: Foul Ball, location: 2F
0-2: Foul Ball, location: 2F
0-2: Foul Ball, location: 2F
0-2: Ball
1-2: Ball
2-2: Fly out, F9 (Flyball, 9)
Top of the 6th over - 1 run(s), 2 hit(s), 0 error(s), 1 left on base; Portland 8 - Waba 0
BOTTOM OF THE 6TH
Waba Ducks batting - Pitching for Portland Privateers : LHP Pedro Santana
Batting: RHB Pedro Molina 0-0: Ball
1-0: SOLO HOME RUN (Flyball, 89XD), Distance : 363 ft
Batting: RHB Tony Morton 0-0: Ball
1-0: Foul Ball, location: 2F
1-1: Foul Ball, location: 2F
1-2: Ball
2-2: Foul Ball, location: 2F
2-2: Ball
3-2: Base on Balls
Pitching: RHP Alfonso Medina
Batting: LHB Sammy Marshall 0-0: Ball
1-0: Foul Ball, location: 2F
1-1: Called Strike
1-2: Ball
2-2: Foul Ball, location: 2F
2-2: Foul Ball, location: 2F
2-2: SINGLE (Flyball, 7S)
Tony Morton to second
Batting: RHB Paul Spencer 0-0: Called Strike
0-1: Foul Ball, location: 2F
0-2: Ball
1-2: Ball
2-2: Strikes out swinging
Batting: LHB Howard Evans 0-0: Ball
Tony Morton steals 3rd base
Sammy Marshall to second
1-0: Ball
2-0: Ball
3-0: Called Strike
3-1: Base on Balls
Batting: RHB Jeremy Flemming 0-0: Ground out 4-3 (Groundball, 4MS)
Tony Morton scores
Sammy Marshall to third
Howard Evans to second
Batting: RHB Kelly Graham 0-0: Ball
1-0: Ball
2-0: Foul Ball, location: 2F
2-1: Ball
3-1: Called Strike
3-2: Base on Balls
Batting: SHB Alex Aguilar 0-0: SINGLE (Groundball, 56D)
Sammy Marshall scores
Howard Evans to third
Kelly Graham to second
Runner from 3rd tries for Home, SAFE, throw made home
Kelly Graham to third
Alex Aguilar to second
Pitching: LHP Mike Campbell
Batting: LHB José Rodríguez 0-0: Ball
1-0: Foul Ball, location: 2F
1-1: Fly out, F9 (Flyball, 9)
Bottom of the 6th over - 4 run(s), 3 hit(s), 0 error(s), 2 left on base; Portland 8 - Waba 4
TOP OF THE 7TH
Portland Privateers batting - Pitching for Waba Ducks : RHP Esteban Gonzáles
Batting: SHB Eric Pimentel 0-0: Ball
1-0: Ground out 4-3 (Groundball, 4)
Batting: RHB Edward Holloway 0-0: Swinging Strike
0-1: Ball
1-1: Ground out 4-3 (Groundball, 4)
Batting: SHB Héctor Padilla 0-0: Ball
1-0: Ground out 4-3 (Groundball, 34)
Top of the 7th over - 0 run(s), 0 hit(s), 0 error(s), 0 left on base; Portland 8 - Waba 4
BOTTOM OF THE 7TH
Waba Ducks batting - Pitching for Portland Privateers : LHP Mike Campbell
Batting: RHB Pedro Molina 0-0: Fly out, F8 (Flyball, 8LS)
Batting: RHB Tony Morton 0-0: Ball
1-0: Ball
2-0: Called Strike
2-1: Ball
3-1: Base on Balls
Batting: LHB Sammy Marshall 0-0: Ball
Throwing error on steal attempt, E2
Tony Morton to third
1-0: Foul Ball, location: 2F
1-1: DOUBLE (Flyball, 78XD)
Tony Morton scores
Batting: RHB Paul Spencer 0-0: SINGLE (Line Drive, 6MD)
Sammy Marshall to third
Runner from 3rd tries for Home, SAFE, no throw
Pitching: LHP Jaime Ayala
Batting: LHB Howard Evans 0-0: Foul Ball, location: 2F
0-1: 2-RUN HOME RUN (Flyball, 89XD), Distance : 362 ft
Batting: RHB Jeremy Flemming 0-0: Ball
1-0: Foul Ball, location: 2F
1-1: Foul Ball, location: 2F
1-2: Ball
2-2: Ball
3-2: SINGLE (Groundball, 56) (infield hit)
Batting: RHB Kelly Graham 0-0: Called Strike
Jeremy Flemming steals 2nd base
0-1: Foul Ball, location: 2F
0-2: Ball
1-2: Ball
2-2: Ball
3-2: Intentional Walk
Batting: SHB Alex Aguilar 0-0: Foul Ball, location: 2F
0-1: Foul Ball, location: 2F
0-2: Ball
1-2: Ball
2-2: Foul Ball, location: 2F
2-2: SINGLE (Line Drive, 6MD)
Jeremy Flemming to third
Kelly Graham to second
Pinch Hitting: RHB Shaun Puckett 0-0: Ball
1-0: Ball
2-0: Foul Ball, location: 2F
2-1: SINGLE (Flyball, 6MD)
Jeremy Flemming scores
Kelly Graham to third
Alex Aguilar to second
Runner from 3rd tries for Home, SAFE, no throw
Pitching: RHP Sean Harden
Batting: RHB Pedro Molina 0-0: Ball
1-0: Ball
2-0: Called Strike
2-1: Swinging Strike
2-2: Ball
3-2: Base on Balls
Alex Aguilar to third
Shaun Puckett to second
Batting: RHB Tony Morton 0-0: Ball
1-0: Called Strike
1-1: Foul Ball, location: 2F
1-2: Ball
2-2: Foul Ball, location: 2F
2-2: Fly out, F4 (Line Drive, 4)
Batting: LHB Sammy Marshall 0-0: Ball
Passed Ball!
Alex Aguilar scores
Shaun Puckett to third
Pedro Molina to second
1-0: Foul Ball, location: 2F
1-1: Foul Ball, location: 2F
1-2: SINGLE (Groundball, 4MD)
Shaun Puckett scores
Pedro Molina to third
Runner from 3rd tries for Home, SAFE, throw made home
Sammy Marshall to second
Batting: RHB Paul Spencer 0-0: Ball
1-0: Foul Ball, location: 2F
1-1: Ball
2-1: Ground out 4-3 (Groundball, 4)
Bottom of the 7th over - 9 run(s), 7 hit(s), 1 error(s), 1 left on base; Portland 8 - Waba 13
TOP OF THE 8TH
Portland Privateers batting - Pitching for Waba Ducks : RHP Esteban Gonzáles
Now at 1B: Fernando Cruz
Now at 2B: Shaun Puckett
Now in LF: Don Keating
Batting: LHB Dillon Beck 0-0: SINGLE (Groundball, 4MD)
Batting: LHB Domingo Ledesma 0-0: Ball
1-0: SINGLE (Groundball, 34D)
Dillon Beck to second
Runner from 2nd tries for 3rd, SAFE, throw made to third
Batting: RHB Dave Nelson 0-0: Called Strike
0-1: Ball
1-1: Ball
Balk!
Dillon Beck scores
Domingo Ledesma to second
2-1: Ground out 6-3 (Groundball, 6)
Pitching: RHP Sergio Torres
Batting: SHB Cory Campbell 0-0: Ball
1-0: SINGLE (Groundball, 6MD)
Domingo Ledesma to third
Runner from 3rd tries for Home, SAFE, no throw
Pitching: RHP Bill Lowe
Batting: RHB Joe Bailey 0-0: Called Strike
0-1: Ball
1-1: SINGLE (Popup, 4MD)
Cory Campbell to second
Pitching: LHP Felipe Rivera
Batting: LHB Carter Sweet 0-0: Ball
1-0: Ball
2-0: Called Strike
2-1: Grounds into double play, 4-6-3 (Groundball, 34)
Top of the 8th over - 2 run(s), 4 hit(s), 0 error(s), 1 left on base; Portland 10 - Waba 13
BOTTOM OF THE 8TH
Waba Ducks batting - Pitching for Portland Privateers : RHP Sean Harden
Batting: LHB Howard Evans 0-0: Ball
1-0: SINGLE (Groundball, 34D)
Batting: RHB Jeremy Flemming 0-0: SINGLE (Groundball, 56S) (infield hit)
Howard Evans to second
Batting: RHB Kelly Graham 0-0: Ball
1-0: Called Strike
1-1: Ball
2-1: Grounds into double play, 6-4-3 (Groundball, 6)
Howard Evans to third
Batting: SHB Alex Aguilar 0-0: Fly out, F9 (Flyball, 9)
Bottom of the 8th over - 0 run(s), 2 hit(s), 0 error(s), 1 left on base; Portland 10 - Waba 13
TOP OF THE 9TH
Portland Privateers batting - Pitching for Waba Ducks : LHP Felipe Rivera
Pitching: RHP José Rivera
Batting: SHB Eric Pimentel 0-0: Ball
1-0: Called Strike
1-1: Ball
2-1: Ball
3-1: Swinging Strike
3-2: Base on Balls
Batting: RHB Edward Holloway 0-0: Grounds into double play, 5-4-3 (Groundball, 56)
Batting: SHB Héctor Padilla 0-0: Ball
1-0: Foul Ball, location: 2F
1-1: Foul Ball, location: 2F
1-2: Ball
2-2: Strikes out swinging
Top of the 9th over - 0 run(s), 0 hit(s), 0 error(s), 0 left on base; Portland 10 - Waba 13
Tuesday, August 8th, 2017 - OOTP Baseball 17.12 Build 75